 Dungeon Crawl Stone Soup version 0.30.1-11-g7821555f0a (webtiles) character file.

Game seed: 6993952267930038987

60 PaiMei the Trooper (level 4, -3/40 HPs)
             Began as a Hill Orc Fighter on Jan 13, 2024.
             Slain by Grinder (5 damage)
             ... while paralysed by Grinder
             ... on level 3 of the Dungeon.
             The game lasted 00:02:44 (1618 turns).

PaiMei the Trooper (Hill Orc Fighter)               Turns: 1618, Time: 00:02:45

Health: -3/40      AC:  8    Str: 20    XL:     4   Next: 4%
Magic:  0/4        EV:  2    Int:  8    God:
Gold:   53         SH:  0    Dex: 10    Spells: 3/3 levels left

rFire   . . .        a - +0 war axe
rCold   . . .        c - +0 buckler
rNeg    . . .        b - +0 scale mail
rPois   .            i - +0 helmet
rElec   .            (no cloak)
rCorr   .            (no gloves)
SInv    .            (no boots)
Will    .....        g - amulet of guardian spirit Stlth
                     (no ring)
HPRegen 0.26/turn    (no ring)
MPRegen 0.09/turn

%: guardian spirit
@: paralysed
A: no striking features
a: no special abilities


You were on level 3 of the Dungeon.
You visited 1 branch of the dungeon, and saw 3 of its levels.

You collected 53 gold pieces.

Inventory:

Hand Weapons
 a - a +0 war axe (weapon)
Armour
 b - a +0 scale mail (worn)
 c - a +0 buckler (worn)
 i - a +0 helmet (worn)
Jewellery
 g - an amulet of guardian spirit (around neck)
 q - an amulet of faith
Scrolls
 e - 2 scrolls of magic mapping {unknown}
 m - a scroll of poison {unknown}
 n - 4 scrolls of amnesia {unknown}
 p - a scroll of brand weapon {unknown}
 r - a scroll of fog {unknown}
Potions
 d - a potion of might
 f - a potion of invisibility {unknown}
 h - 2 potions of curing {unknown}
 j - 3 potions of mutation {unknown}
 k - 2 potions of lignification {unknown}
 l - 2 potions of heal wounds {unknown}
 o - a potion of flight {unknown}
 s - 2 potions of cancellation {unknown}


   Skills:
 + Level 4.2 Fighting
 + Level 3.5 Axes
 + Level 3.8 Armour
 + Level 3.9 Shields


You had 3 spell levels left.
You didn't know any spells.
Your spell library contained the following spells:

 Spells                   Type           Power      Damage    Failure   Level
 Gell's Gravitas          Tloc           0%         N/A       99%         3
 Teleport Other           Tloc           0%         N/A       99%         3
 Dispersal                Tloc           0%         N/A       100%        6


Dungeon Overview and Level Annotations

Branches:
Dungeon (3/15)

Altars:

Annotations:
D:3 Grinder


Message History

You hit Grinder.
Grinder is moderately wounded.
You block Grinder's attack.
You slash Grinder!
Grinder is heavily wounded.
Grinder barely misses you. Grinder closely misses you.
You barely miss Grinder.
Grinder is heavily wounded.
Grinder hits you.
You barely miss Grinder.
Grinder is heavily wounded.
Grinder barely misses you.
Grinder says, "Mostly I couldn't keep them alive."
Grinder hits you but does no damage.
You closely miss Grinder.
Grinder is heavily wounded.
Grinder hits you.
* * * LOW HITPOINT WARNING * * *
You closely miss Grinder.
Grinder is heavily wounded.
Grinder hits you but does no damage.
You hit Grinder but do no damage.
Grinder is heavily wounded.
Grinder blinks! x2
Grinder hits you.
* * * LOW HITPOINT WARNING * * *
You writhe in agony.
* * * LOW HITPOINT WARNING * * *
You closely miss Grinder.
Grinder is heavily wounded.
Grinder gestures at you.
You barely resist. You slash Grinder!
Grinder is severely wounded.
Grinder gestures at you.
You suddenly lose the ability to move!
Grinder gestures at you.
You barely resist. Grinder hits you.
You die...

###########
#..........
#####
#.########.
......########.#
#. #:5@.......#
#.
#.....#########
#. ....... #.
.#..... #.
##.#.. ###
.....> #..
.##.##. #####.#
. #. .. #......
..#.#.#.#


You could see Grinder.

Vanquished Creatures
  An adder (D:2)
  A worm (D:2)
  3 dart slugs
  6 bats
  2 endoplasms
  3 giant cockroaches
  4 goblins
  3 hobgoblins (D:1)
  2 jackals (D:1)
  3 kobolds
  2 ball pythons
  3 frilled lizards
  7 rats
40 creatures vanquished.

Notes
Turn   | Place    | Note
-------+----------+-------------------------------------------
     0 | D:1      | PaiMei the Hill Orc Fighter began the quest for the Orb.
     0 | D:1      | Reached XP level 1. HP: 19/19 MP: 1/1
   152 | D:1      | Reached XP level 2. HP: 27/27 MP: 2/2
   621 | D:1      | Reached skill level 4 in Fighting
   684 | D:1      | Reached XP level 3. HP: 33/33 MP: 3/3
  1485 | D:3      | Reached XP level 4. HP: 40/40 MP: 4/4
  1578 | D:3      | Noticed Grinder
  1601 | D:3      | Paralysed by Grinder for 3 turns
  1614 | D:3      | HP: 1/40 [Grinder (5)]
  1616 | D:3      | Paralysed by Grinder for 4 turns
  1618 | D:3      | Slain by Grinder

Illustrated notes

Levels and vault maps discovered:
D:1:      scummos_arrival_hexagon, layout_basic, minmay_cut_off
D:2:      layout_basic
D:3:      layout_loops_cross, gup_sewer_entry_bubbles, uniq_grinder, uniq_ijyb

Skill      XL: |  1  2 |
---------------+-------+-----
Axes           | 3 |  3.5
Fighting       | 4 |  4.2
Armour         | |  3.8
Shields        | |  3.9

Action                     |  1- 3 |  4- 6 || total
---------------------------+-------+-------++-------
  Melee: War axe           |   108 |    18 ||   126
 Armour: Scale mail        |    50 |     4 ||    54
  Dodge: Dodged            |    48 |     7 ||    55
  Block: Buckler           |    22 |     2 ||    24
